 Dungeon Crawl Stone Soup version 0.29-a0-919-gd064cfad1c (webtiles) character file.

Game seed: 1974129693283560039

60645 enile the Warrior (level 15, -11/103 HPs)
             Began as a Tengu Conjurer on July 26, 2022.
             Was an Elder of Trog.
             Mangled by an orc knight
             ... wielding a +2 great mace
              (31 damage)
             ... on level 1 of the Orcish Mines.
             The game lasted 00:54:48 (27186 turns).

enile the Warrior (Tengu Conjurer)                 Turns: 27186, Time: 00:54:49

Health: -11/103    AC:  9    Str:  7    XL:     15   Next: 0%
Magic:  22/22      EV: 18    Int: 26    God:    Trog [****..]
Gold:   1899       SH:  5    Dex: 18    Spells: 19/22 levels left

rFire   . . .      SeeInvis .   B - +1 scimitar (spect)
rCold   . . .      Faith    .   S - orb {mayhem}
rNeg    . . .      Spirit   .   w - +4 ring mail of Honour {+Inv Dex+3}
rPois   +          Reflect  +   (helmet restricted)
rElec   .          Harm     .   (no cloak)
rCorr   .          Rampage  .   (no gloves)
Will    ++...                   (boots unavailable)
Stlth   ++........              m - amulet of reflection
HPRegen 0.27/turn               X - ring of poison resistance
MPRegen 0.18/turn               T - ring of willpower

@: about to teleport, flying quickly and evasively, quick
A: beak, talons 3, nimble flight, clever 1
a: Renounce Religion, Evoke Invisibility, Berserk, Trog's Hand, Brothers in Arms


You were on level 1 of the Orcish Mines.
You worshipped Trog.
Trog was greatly pleased with you.
You visited 3 branches of the dungeon, and saw 18 of its levels.
You also visited: Ice Cave.

You collected 2229 gold pieces.
You spent 330 gold pieces at shops.

Inventory:

Hand Weapons
 d - a +4 dagger of venom
 B - a +1 spectral scimitar (weapon)
 N - a +2 vorpal scimitar
Missiles
 j - 5 atropa-tipped darts (quivered)
 E - 4 throwing nets
 H - 3 curare-tipped darts
Armour
 i - a +1 buckler
 w - the +4 ring mail of Honour (worn) {+Inv Dex+3}
   (You found it on level 4 of the Dungeon)

   Dex:       It affects your dexterity (+3).
   +Inv:      It lets you turn invisible.
 K - the +1 robe of Foam {Int+2 Archmagi}
   (You found it on level 8 of the Dungeon)

   Int:       It affects your intelligence (+2).
   Archmagi:  It increases the power of your magical spells.
 M - the +4 kite shield of the Slightly Bent {Str+2}
   (You acquired it on level 4 of the Lair of Beasts)

   Str:       It affects your strength (+2).
 S - an orb of mayhem (worn)
Jewellery
 a - a ring of protection from cold
 f - a +4 ring of evasion
 m - an amulet of reflection (around neck)
 o - a ring of fire
 L - a +6 ring of intelligence
 Q - a ring of magical power
 R - a +6 ring of intelligence
 T - a ring of willpower (right hand)
 X - a ring of poison resistance (left hand)
 Y - an amulet of regeneration
 Z - a ring of protection from cold
Wands
 k - a wand of polymorph (11)
 u - a wand of charming (19)
Scrolls
 e - 2 scrolls of amnesia
 n - 2 scrolls of vulnerability
 p - a scroll of magic mapping
 r - 8 scrolls of teleportation
 s - 2 scrolls of blinking
 y - 3 scrolls of fear
 A - a scroll of fog
 C - a scroll of enchant armour
 G - a scroll of summoning
 J - a scroll of silence
 P - a scroll of brand weapon
Potions
 b - 4 potions of magic
 c - 5 potions of haste
 h - 3 potions of flight
 l - 2 potions of cancellation
 q - 7 potions of curing
 t - a potion of invisibility
 v - 10 potions of heal wounds
 x - a potion of ambrosia
 z - a potion of attraction
 D - 4 potions of brilliance
 F - a potion of lignification
 I - 2 potions of degeneration
 O - a potion of might
 W - 3 potions of mutation
Miscellaneous
 g - a condenser vane (inert)
 U - a lightning rod (1/4)
 V - a phantom mirror


   Skills:
 - Level 15.0 Fighting
 - Level 7.0(9.0) Short Blades
 - Level 8.9(10.0) Long Blades
 - Level 6.0 Throwing
 - Level 4.0 Armour
 - Level 12.0 Dodging
 - Level 3.0 Stealth
 - Level 4.0 Shields
 - Level 4.0 Spellcasting
 - Level 5.7 Conjurations
 + Level 14.8 Evocations


You had 19 spell levels left.
You knew the following spells:

 Your Spells              Type           Power      Damage    Failure   Level
a - Magic Dart            Conj           100%       1d8       2%          1
b - Searing Ray           Conj           68%        2d6       3%          2

Your spell library contained the following spells:

 Spells                   Type           Power      Damage    Failure   Level
 Dazzling Flash           Conj/Hex       40%        N/A       24%         3
 Necrotise                Necr           20%        1d5       26%         1
 Mephitic Cloud           Conj/Pois/Air  15%        N/A       36%         3
 Ignite Poison            Fire/Tmut/Pois 5%         N/A       61%         3
 Ozocubu's Armour         Ice            5%         N/A       61%         3
 Fulminant Prism          Conj/Hex       10%        3d9       63%         4
 Iskenderun's Mystic Bla  Conj/Tloc      20%        2d6       63%         4
 Freezing Cloud           Conj/Ice/Air   7%         6-21      98%         5
 Conjure Ball Lightning   Conj/Air       10%        3x3d6     100%        6
 Ozocubu's Refrigeration  Ice            2%         4d5       100%        7
 Discord                  Hex            2%         N/A       100%        8
 Disjunction              Tloc           2%         N/A       100%        8


Dungeon Overview and Level Annotations

Branches:
Dungeon (12/15)            Temple (0/1) D:7            Lair (5/5) D:11
 Shoals (0/4) Lair:3       Spider (0/4) Lair:3        Slime (0/5) Lair:4
    Orc (1/2) D:9           IceCv (visited)

Altars:
Ashenzari
Elyvilon
Fedhas
Kikubaaqudgha
Ru
Trog
Xom
Yredelemnul

Shops:
D:7 (   D:8 *   D:9 [

Annotations:
D:3 2 transporters, Hubris850's ghost, amateur GnCA
D:5 2 transporters, OstrichLN's ghost, novice TrGl
Lair:4 1 runed translucent door, exclusion: downstairs
Lair:5 2 transporters, mcwallace's ghost, journeyman VSIE
Orc:1 exclusion: ettin


Innate Abilities, Weirdness & Mutations

You have a beak for a mouth.
You have claws for feet.
Your magical nature lets you fly swiftly and evasively.
Your mind is acute. (Int +4, Str/Dex -1)


Message History

You are too injured to fight recklessly!
Your ogre goes berserk!
The orc warrior completely misses you. The orc warrior misses you.
The orc knight shoots a bolt.
The bolt hits your ogre. The orc warrior completely misses you.
Your ogre hits the orc warrior with a +0 giant club!!!
The orc warrior dies!
Trog accepts your kill.
You slash the orc warrior! Your peck misses the orc warrior.
The orc warrior is almost dead.
Your +1 spectral scimitar hits the orc warrior!
You kill the orc warrior!
Trog accepts your kill.
The orc knight flies into a frenzy!
Your ogre hits the orc knight with a +0 giant club!
You have reached level 15!
Your experience leads to an increase in your attributes!
Your base attributes are Str 8, Int 22, Dex 14.
Increase (S)trength, (I)ntelligence, or (D)exterity?
You feel agile. x2
The orc knight unwields a +0 arbalest.
The orc knight wields a +2 great mace.
The orc knight hits your ogre with a +2 great mace!!
Your ogre dies!
Your ogre's corpse disappears in a puff of smoke!
There is an open door here.
You reach down and close the door.
An orc knight opens the door.
As you read the scroll of teleportation, it crumbles to dust.
You feel strangely unstable.
The orc knight attacks as you move away!
The orc knight hits you with a +2 great mace!
* * * LOW HITPOINT WARNING * * *
The orc knight shouts!
There is an open door, spattered with blood here.
Items here: )) [[ รท.
You block the orc knight's attack.
You see here a +0 mace.
The orc knight attacks as you move away!
The orc knight hits you with a +2 great mace!!
You die...

###...## ##)## #+
###..)#### ###..
#...)....### ##.....
#..........####+####.......
#............##.##.........
#............#...#.........
#........)...#...#.........
#.........).@o...'...).....
#.[.....)....#...#.).......
#............#...#.........
##############...##########
#...# ##.## ####[##### ####
#..[[..#.###..## #
##.#......##...###


You could see a neutral orc knight (fast, strong, insane).

Vanquished Creatures
  3 orc warlords (Orc:1)
  Nessos (Lair:5)
  A white draconian (IceCv)
  3 boulder beetles
  3 hydras
  A merfolk avatar (Lair:5)
  Erica (Orc:1)
  4 two-headed ogres
  2 catoblepae
  The ghost of osoart the Merchant of Misery, a novice DsNe of Kikubaaqudgha (D:9)
  Amaemon (D:10)
  Nergalle (Lair:2)
  5 orc knights
  A harpy (Lair:5)
  2 orc sorcerers
  An oklob plant (Lair:5)
  15 elephants
  4 black mambas
  2 ice statues (IceCv)
  A gargoyle (D:10)
  A torpor snail (Lair:5)
  9 cane toads
  An orange demon (D:10)
  5 komodo dragons
  A kobold demonologist (D:10)
  5 rime drakes
  3 polar bears
  4 trolls
  A wind drake (Lair:5)
  Prince Ribbit (D:7)
  4 hornets (Lair:5)
  2 snapping turtles (Lair:5)
  11 blink frogs
  2 jumping spiders (Lair:3)
  2 culicivoras (Lair:3)
  5 wyverns
  2 fire bats
  3 wraiths
  24 yaks
  3 steam dragons
  4 redbacks (Lair:3)
  5 wargs (Orc:1)
  11 water moccasins
  An acid dragon (D:7)
  Duvessa (D:5)
  21 orc warriors
  3 sky beasts
  An ice beast (D:7)
  3 ogres
  10 centaurs
  37 wolves
  A phantom (D:5)
  4 kobold brigands
  9 bullfrogs
  A necrophage (D:4)
  3 scorpions
  3 wights (D:9)
  Dowan (D:5)
  3 killer bees (D:9)
  A lindwurm simulacrum (IceCv)
  5 electric eels (Lair:1)
  8 howler monkeys
  2 komodo dragon simulacra (IceCv)
  A lava snake (Lair:5)
  4 hounds
  3 jellies
  8 orc priests
  18 orc wizards
  Natasha (thrice) (D:2)
  2 iguanas
  4 hell rats (Lair:5)
  7 gnolls
  6 acid dragon simulacra (IceCv)
  4 adders
  A shadow imp (D:5)
  10 steam dragon simulacra (IceCv)
  2 ufetubi (D:6)
  4 worms
  A dart slug (D:2)
  50 orcs
  5 ball pythons
  5 bats
  6 endoplasms
  2 giant cockroaches (D:1)
  4 goblins
  9 hobgoblins
  A jackal (D:4)
  A quokka (D:1)
  6 frilled lizards
  24 kobolds
  2 rats (D:3)
473 creatures vanquished.

Vanquished Creatures (collateral kills)
  Josephine (Lair:4)
  2 hydras
  A cyclops (D:10)
  4 elephants
  2 cane toads
  A culicivora (Lair:3)
  2 wraiths (Lair:4)
  A wyvern (Lair:5)
  3 yaks
  3 wargs (Orc:1)
  6 orc warriors (Orc:1)
  A wolf (Lair:2)
  An ogre (Orc:1)
  A lindwurm simulacrum (IceCv)
  2 orc priests (Orc:1)
  5 orc wizards (Orc:1)
  A steam dragon simulacrum (IceCv)
  12 orcs
  A plant (Lair:5)
50 creatures vanquished.

Vanquished Creatures (others)
  2 orc sorcerers (Orc:1)
  An elephant (Lair:3)
  A black mamba (Lair:5)
  A cane toad (Lair:4)
  A troll (Orc:1)
  A redback (Lair:3)
  2 orc warriors (Orc:1)
  A human (D:3)
  An ogre (Orc:1)
  A wolf (Lair:3)
  An orc priest (D:4)
  An orc wizard (Orc:1)
  3 orcs (Orc:1)
  24 fungi
  76 plants
117 creatures vanquished.

Grand Total: 640 creatures vanquished

Notes
Turn   | Place    | Note
-------+----------+-------------------------------------------
     0 | D:1      | enile the Tengu Conjurer began the quest for the Orb.
     0 | D:1      | Reached XP level 1. HP: 10/10 MP: 4/4
    91 | D:1      | Reached skill level 1 in Fighting
   150 | D:1      | Reached XP level 2. HP: 16/16 MP: 0/6
   348 | D:1      | Reached skill level 2 in Fighting
   510 | D:1      | Learned a level 2 spell: Searing Ray
  1185 | D:2      | Noticed Natasha
  1194 | D:2      | Killed Natasha
  1195 | D:2      | Reached XP level 3. HP: 19/21 MP: 6/8
  1390 | D:2      | Noticed Natasha
  1398 | D:2      | Reached XP level 4. HP: 26/26 MP: 10/10
  1435 | D:2      | Killed Natasha
  1478 | D:2      | Noticed Natasha
  1685 | D:2      | Killed Natasha
  1968 | D:2      | Gained mutation: Your magical nature lets you fly swiftly
                  | and evasively. [Tengu growth]
  1968 | D:2      | Reached XP level 5. HP: 30/30 MP: 7/12
  2097 | D:3      | Found an ancient bone altar of Kikubaaqudgha.
  2098 | D:3      | Noticed a human
  2100 | D:3      | Killed a human
  2138 | D:3      | Found a faded altar of an unknown god.
  2147 | D:3      | Got Plato's Tome of Unholy Mysteries
  2148 | D:3      | Prayed at the altar of an unknown god.
  2148 | D:3      | Became a worshipper of Trog the Wrathful
  2148 | D:3      | Reached * piety under Trog
  2208 | D:3      | Reached skill level 1 in Shields
  2396 | D:3      | HP: 1/30 [gnoll/+0 spear (7)]
  2770 | D:3      | Found a sacrificial altar of Ru.
  3116 | D:3      | Noticed Hubris850's ghost (amateur GnCA)
  3161 | D:3      | Found a transporter.
  3192 | D:3      | Found a transporter.
  3363 | D:4      | Reached XP level 6. HP: 35/35 MP: 13/13
  3434 | D:4      | Reached skill level 1 in Short Blades
  3747 | D:4      | Noticed Ijyb
  3752 | D:4      | Noticed Ijyb
  3752 | D:4      | Ijyb changed into Ijyb the jackal
  3754 | D:4      | Killed Ijyb the jackal
  3819 | D:4      | Identified the +4 ring mail of Honour {+Inv Dex+3}
  4282 | D:4      | Reached skill level 1 in Armour
  4295 | D:4      | Reached ** piety under Trog
  4625 | D:5      | Entered Level 5 of the Dungeon
  4669 | D:5      | Reached XP level 7. HP: 35/40 MP: 14/14
  4704 | D:5      | Found a transporter.
  4708 | D:5      | Found a transporter.
  4708 | D:5      | Noticed OstrichLN's ghost (novice TrGl)
  5055 | D:5      | Found a shimmering altar of Xom.
  5360 | D:5      | Noticed Dowan
  5363 | D:5      | Noticed Duvessa
  5389 | D:5      | Killed Duvessa
  5394 | D:5      | Killed Dowan
  5395 | D:5      | Reached XP level 8. HP: 44/44 MP: 15/15
  5578 | D:5      | Reached skill level 5 in Evocations
  6184 | D:6      | Reached skill level 5 in Dodging
  6357 | D:6      | Reached skill level 3 in Fighting
  6893 | D:6      | Reached skill level 4 in Fighting
  7255 | D:7      | Noticed Prince Ribbit
  7269 | D:7      | Killed Prince Ribbit
  7270 | D:7      | Reached skill level 5 in Fighting
  7270 | D:7      | Reached XP level 9. HP: 43/54 MP: 16/16
  7351 | D:7      | Reached skill level 5 in Short Blades
  7390 | D:7      | Reached skill level 1 in Throwing
  7637 | D:7      | Found Feotodom's Weapon Shoppe.
  8030 | D:7      | Reached skill level 6 in Fighting
  8147 | D:7      | Found a staircase to the Ecumenical Temple.
  8272 | D:8      | Identified the +1 robe of Foam {Int+2 Archmagi}
  8426 | D:8      | Found a basalt altar of Yredelemnul.
  8508 | D:8      | Reached skill level 7 in Fighting
  8630 | D:8      | Found a broken altar of Ashenzari.
  8934 | D:8      | Found Pokhluc's Assorted Antiques.
  8985 | D:8      | Bought a scroll of teleportation for 99 gold pieces
  8985 | D:8      | Bought a scroll labelled BATYIV FAURCH for 33 gold pieces
  8985 | D:8      | Bought a scroll labelled FESEGA JORESH for 33 gold pieces
  8985 | D:8      | Bought a scroll labelled LIDARU UJAVATH for 33 gold pieces
  8985 | D:8      | Bought a fluorescent wand for 132 gold pieces
  9069 | D:8      | Found a white marble altar of Elyvilon.
  9346 | D:9      | Reached XP level 10. HP: 56/63 MP: 17/17
  9668 | D:9      | Reached skill level 8 in Fighting
  9848 | D:9      | Noticed a two-headed ogre
  9878 | D:9      | Reached *** piety under Trog
  9883 | D:9      | Killed a two-headed ogre
  9884 | D:9      | Reached skill level 9 in Fighting
  9981 | D:9      | Found a staircase to the Orcish Mines.
 10126 | D:9      | Reached skill level 10 in Fighting
 10443 | D:9      | Found a runed translucent door.
 10443 | D:9      | Noticed osoart's ghost (novice DsNe)
 10584 | D:9      | Found Xoluef's Armour Shoppe.
 11018 | D:9      | Killed osoart's ghost
 11039 | D:10     | Entered Level 10 of the Dungeon
 11225 | D:10     | Noticed a kobold demonologist
 11231 | D:10     | Noticed Amaemon
 11233 | D:10     | Noticed a sixfirhy
 11237 | D:10     | Killed a kobold demonologist
 11241 | D:10     | Noticed an orange demon
 11248 | D:10     | Killed Amaemon
 11249 | D:10     | Reached XP level 11. HP: 56/72 MP: 18/18
 11381 | D:10     | Noticed a two-headed ogre
 11411 | D:10     | Killed a two-headed ogre
 12848 | D:11     | Noticed a cyclops
 13177 | D:10     | Killed a cyclops
 13178 | D:10     | Reached skill level 11 in Fighting
 14003 | D:11     | Noticed a boulder beetle
 14026 | D:11     | Killed a boulder beetle
 14027 | D:11     | Reached skill level 12 in Fighting
 14299 | D:11     | Found a staircase to the Lair.
 14502 | Lair:1   | Entered Level 1 of the Lair of Beasts
 14518 | Lair:1   | Noticed a catoblepas
 14880 | D:12     | Noticed an orc sorcerer
 14885 | D:12     | Noticed a boulder beetle
 14887 | D:12     | Noticed an orc knight
 14891 | D:12     | Killed an orc sorcerer
 14935 | D:12     | Killed an orc knight
 14945 | D:12     | Killed a boulder beetle
 14946 | D:12     | Reached XP level 12. HP: 53/81 MP: 19/19
 14972 | D:12     | Found a frozen archway.
 14976 | IceCv    | Entered an ice cave
 16114 | IceCv    | Noticed a white draconian
 16143 | IceCv    | Killed a white draconian
 17073 | Lair:1   | Killed a catoblepas
 17074 | Lair:1   | Reached skill level 13 in Fighting
 17927 | Lair:2   | Acquired a manual of Evocations
 17931 | Lair:2   | Reached **** piety under Trog
 18068 | Lair:2   | Reached skill level 1 in Long Blades
 18357 | Lair:2   | Noticed Nergalle
 18366 | Lair:2   | Killed Nergalle
 18367 | Lair:2   | Reached skill level 5 in Long Blades
 18555 | Lair:2   | Reached skill level 10 in Dodging
 18720 | Lair:2   | Reached XP level 13. HP: 74/89 MP: 20/20
 19142 | Lair:3   | Found a staircase to the Shoals.
 20293 | Lair:3   | Found a hole to the Spider Nest.
 20320 | Lair:3   | Reached skill level 10 in Evocations
 20770 | Lair:4   | Reached ***** piety under Trog
 20875 | Lair:4   | Reached skill level 14 in Fighting
 21119 | Lair:4   | Noticed Josephine
 21132 | Lair:4   | Killed Josephine
 21444 | Lair:4   | Found a runed translucent door.
 21444 | Lair:4   | Found a staircase to the Slime Pits.
 21444 | Lair:4   | Noticed an acid blob
 21445 | Lair:4   | Noticed an acid blob
 21445 | Lair:4   | Noticed an acid blob
 21927 | Lair:5   | Entered Level 5 of the Lair of Beasts
 21949 | Lair:4   | Acquired the +4 kite shield of the Slightly Bent {Str+2}
 22359 | Lair:5   | Noticed Nessos
 22482 | Lair:4   | Reached skill level 15 in Fighting
 22569 | Lair:5   | Found a transporter.
 22573 | Lair:5   | Reached XP level 14. HP: 52/98 MP: 21/21
 22578 | Lair:5   | Noticed mcwallace's ghost (journeyman VSIE)
 22580 | Lair:5   | Found a transporter.
 22584 | Lair:5   | Killed Nessos
 22805 | Lair:5   | Reached skill level 5 in Throwing
 23959 | Lair:5   | Found a blossoming altar of Fedhas.
 24280 | Orc:1    | Entered Level 1 of the Orcish Mines
 24954 | Orc:1    | Noticed an orc warlord
 25536 | Orc:1    | Killed an orc warlord
 25669 | Orc:1    | Noticed Erica
 25676 | Orc:1    | Killed Erica
 25843 | Orc:1    | Noticed an orc warlord
 26269 | Orc:1    | Killed an orc warlord
 26486 | Orc:1    | Noticed an orc warlord
 26499 | Orc:1    | Killed an orc warlord
 26683 | Orc:1    | Gained mutation: Your mind is acute. (Int +4, Str/Dex -1)
                  | [potion of mutation]
 27178 | Orc:1    | Reached XP level 15. HP: 34/103 MP: 22/22
 27186 | Orc:1    | Mangled by an orc knight

Illustrated notes

Levels and vault maps discovered:
D:1:      wander_arrival_peaceful_grave, layout_basic
D:2:      layout_basic, minmay_tetromino_l2, uniq_natasha
D:3:      layout_loops_cross, nicolae_ru_great_annihilating_truth,
          tgw_kikubaaqudgha, gammafunk_ghost_stat_death,
          shapermc_ecumenical_altar_rom_forum, kennysheep_generic_room_16
D:4:      layout_basic, grunt_decor_mini_mirrors, uniq_ijyb
D:5:      layout_loops_ring, xom_teletrap_fun, gammafunk_ghost_arena,
          serial_bayou_pond_d, uniq_duvessa
D:6:      layout_rooms, minmay_misc_feat_ornament, nicolae_zen_rock_garden,
          hangedman_abyss_or_decor_lesser_grid, hangedman_glass_teeth,
          minmay_misc_feat_nine_boxes
D:7:      layout_loops_cross, minmay_temple_entry_poolview, serial_shops, shop,
          uniq_prince_ribbit1
D:8:      layout_rooms, kennysheep_ying_yang, evilmike_ruin_ashenzari,
          serial_shops, nicolae_shop_overgrown_old_shop, grunt_ogre_cave,
          amcnicky_mini_pool_small, abandoned_shop, minmay_misc_feat_encased
D:9:      layout_layer_cave, orc_david_3, gammafunk_ghost_grave, serial_shops,
          nicolae_lakefront_shop, kennysheep_small_circle
D:10:     minmay_flawed_box, layout_basic, serial_glass, glass_columns_a,
          glass_columns_c, item_on_display_a, minmay_strange_pillars,
          minmay_strange_pillars, uniq_amaemon
D:11:     layout_cross, david_lair_shrubbed
D:12:     layout_basic, portal_ice_cave_entry_pillars_2
Lair:1:   layout_cave_shapes, serial_bayou_lake_a
Lair:2:   layout_long_grid, uniq_nergalle
Lair:3:   layout_gridlike, minmay_shoals_entry_centaurs,
          nicolae_spider_entry_tight_spaces, grunt_forest_large_clearings
Lair:4:   layout_layer_cave, slime_entry_2, uniq_josephine
Lair:5:   gammafunk_lair_ancient_temple, layout_gridlike, nzn_ghost_randoct,
          tgw_fedhas, uniq_nessos
Orc:1:    orc_temple, layout_caves, basic_altar, minmay_orc_treasury, uniq_erica

Skill      XL: |  1  2  3  4  5  6  7  8  9 10 11 12 13 14 |
---------------+-------------------------------------------+-----
Fighting       | 1 2 5 7 10 12 13 15 | 15.0
Spellcasting   | 3 4 |  4.0
Shields        | 3 4 |  4.0
Short Blades   | 3 4 6 7 |  7.0
Armour         | 2 3 4 |  4.0
Evocations     | 4 5 7 11 14 | 14.8
Dodging        | 5 8 10 12 | 12.0
Throwing       | 3 4 6 |  6.0
Stealth        | 3 |  3.0
Long Blades    | 5 8 |  8.9
Conjurations   | |  5.7

Action                   |  1- 3 |  4- 6 |  7- 9 | 10-12 | 13-15 || total
-------------------------+-------+-------+-------+-------+-------++-------
Melee: Dagger            |    10 |   125 |   326 |   464 |   302 ||  1227
       Kick              |     3 |    28 |    99 |   268 |   295 ||   693
       Unarmed           |       |     1 |       |       |       ||     1
       Peck              |       |    19 |    68 |   179 |   193 ||   459
       Demon whip        |       |       |       |    15 |       ||    15
       Scimitar          |       |       |       |   127 |   332 ||   459
Throw: Dart              |       |       |       |    20 |    12 ||    32
       Throwing net      |       |       |       |     1 |       ||     1
 Cast: Magic Dart        |    40 |    20 |       |       |       ||    60
       Searing Ray       |     2 |     3 |       |       |       ||     5
Invok: Berserk           |       |     1 |     5 |    13 |    11 ||    30
       Trog's Hand       |       |       |     2 |     4 |     6 ||    12
       Brothers in Arms  |       |       |       |       |     7 ||     7
 Abil: Evoke Invisibilit |       |       |       |     1 |     1 ||     2
Evoke: Wand              |       |     5 |     7 |    14 |    12 ||    38
       Condenser vane    |       |       |       |     3 |     4 ||     7
       Phantom mirror    |       |       |       |     1 |     3 ||     4
       Lightning rod     |       |       |       |       |     4 ||     4
  Use: Scroll            |       |       |     8 |    19 |    15 ||    42
       Potion            |       |       |     1 |     8 |     1 ||    10
 Stab: Sleeping          |     1 |     5 |       |     3 |     1 ||    10
       Paralysed         |       |     1 |       |       |       ||     1
       Invisible         |       |       |       |    13 |     1 ||    14
       Held in net/web   |       |       |       |     1 |       ||     1
       Distracted        |       |       |       |     3 |    10 ||    13
       Petrified         |       |       |       |       |     1 ||     1
Armor: Robe              |     2 |     8 |       |       |       ||    10
       Skin              |       |     1 |       |       |       ||     1
       Ring mail         |       |     6 |    84 |   105 |   162 ||   357
Dodge: Dodged            |     6 |    51 |   118 |   212 |   565 ||   952
Block: Buckler           |     1 |    17 |    76 |   204 |    36 ||   334
       Reflection        |       |       |       |    19 |     7 ||    26
       Kite shield       |       |       |       |       |   122 ||   122
       Orb               |       |       |       |       |    17 ||    17

Table legend: (Time is in decaauts)
 A = Elapsed time spent in this place.
 B = Non-inter-level travel time spent in this place.
 C = Inter-level travel time spent in this place.
 D = Time resting spent in this place.
 E = Time spent auto-exploring this place.
 F = Levels seen in this place.
 G = Mean time per level.
                   A        B        C        D        E       F      G
               +--------+--------+--------+--------+--------+-----+--------+
         Total |  25917 |  24168 |   1749 |   2247 |  17560 |  19 | 1364.1 |
       Dungeon |  15634 |  14525 |   1109 |   1710 |  10801 |  12 | 1302.8 |
          Lair |   6725 |   6095 |    630 |    300 |   4311 |   5 | 1345.0 |
  Orcish Mines |   1989 |   1980 |      9 |     12 |   1507 |   1 | 1989.0 |
      Ice Cave |   1569 |   1569 |      0 |    224 |    940 |   1 | 1569.0 |
               +--------+--------+--------+--------+--------+-----+--------+

Top non-repeatable levels by time:
     D:9: 2652 daAuts
    D:10: 2320 daAuts
   Orc:1: 1989 daAuts
  Lair:4: 1824 daAuts
   IceCv: 1569 daAuts
    D:11: 1518 daAuts
  Lair:2: 1506 daAuts
     D:6: 1292 daAuts
     D:1: 1275 daAuts
  Lair:5: 1273 daAuts
     D:4: 1193 daAuts
  Lair:1: 1147 daAuts
     D:5: 1120 daAuts
     D:2: 1083 daAuts
     D:8: 1027 daAuts
